 Dungeon Crawl Stone Soup version 0.22-a0-348-gd16d139 (webtiles) character file.

2 4thArraOfDagon the Skirmisher (level 1, -2/11 HPs)
             Began as a Felid Wanderer on Apr 7, 2018.
             Slain by a bullfrog (8 damage)
             ... on level 3 of the Dungeon.
             The game lasted 00:00:47 (104 turns).

4thArraOfDagon the Skirmisher (Felid Wanderer)       Turns: 104, Time: 00:00:48

Health: -2/11      AC:  1    Str:  8    XL:     1   Next: 25%
Magic:  2/2        EV: 16    Int: 14    God:
Gold:   26         SH:  0    Dex: 14    Spells: 0/0 levels left
                                        Lives:  0   Deaths: 0

rFire    . . .     SeeInvis +     - Unarmed
rCold    . . .     Gourm    .   (shield unavailable)
rNeg     + . .     Faith    .   (armour unavailable)
rPois    .         Spirit   .   (helmet unavailable)
rElec    .         Reflect  .   (cloak unavailable)
rCorr    .         Harm     .   (gloves unavailable)
MR       .....                  (boots unavailable)
Stlth    ++........             (no amulet)
HPRegen  0.03/turn              d - ring of positive energy
MPRegen  0.08/turn              (no ring)

@: very slightly contaminated, invisible, quick
A: very small, no armour, no weapons or thrown items, stealth, claws 1, fangs 3,
see invisible, carnivore, speed 1, shaggy fur 1, slow metabolism 1, sharp paws
a: no special abilities


You were on level 3 of the Dungeon.
You were full.

You visited 1 branch of the dungeon, and saw 3 of its levels.

You collected 26 gold pieces.

Inventory:

Jewellery
 d - a ring of positive energy (left paw)
Scrolls
 b - 2 scrolls of teleportation
Potions
 a - a potion of heal wounds
Comestibles
 c - a ration


   Skills:
 - Level 4.0 Fighting
 + Level 1.4 Dodging
 + Level 1.5 Stealth
 * Level 3.0 Unarmed Combat
   Level 1.1 Evocations


You couldn't memorise any spells.
You didn't know any spells.

Dungeon Overview and Level Annotations

Branches:
Dungeon (3/15)

Altars:


Innate Abilities, Weirdness & Mutations

You cannot wear armour.
You are incapable of wielding weapons or throwing items.
Your paws allow you to move quietly. (Stealth)
You have sharp claws.
You have razor-sharp teeth.
You have supernaturally acute eyesight. (SInv)
You are carnivorous and can eat meat at any time.
You cover ground quickly.
You are covered in fur. (AC +1)
You have a slow metabolism.
Your sharp claws are effective at attacking unaware monsters.


Message History

The bullfrog is heavily wounded.
You feel much better.
Unknown command.
The bullfrog croaks.
The bullfrog completely misses you.
A hobgoblin comes into view.
You miss the bullfrog.
The bullfrog is heavily wounded.
Unknown command.
The hobgoblin shouts!
Unknown command.
You closely miss the bullfrog.
The bullfrog is heavily wounded.
The bullfrog hits you.
Unknown command.
You closely miss the bullfrog.
The bullfrog is heavily wounded.
The bullfrog closely misses you. The bullfrog hits you!
Ouch! That really hurt!
You die...

..............≈.≈§≈.
F..............≈.§.≈
......!.......≈.§.≈.
...............§§≈..
..............≈.§.≈.
...#..........≈...≈
..#...........≈.≈.
#..g........(...
#..@............
#.F...#####....(
....#####.........#
..... #..........
.... #......... ...
>........ .
......... ..........
..........


You could see a bullfrog and a hobgoblin (wandering).

Vanquished Creatures
  A giant cockroach (D:3)
  A bat (D:3)
2 creatures vanquished.

Notes
Turn   | Place    | Note
-------+----------+-------------------------------------------
     0 | D:1      | 4thArraOfDagon the Felid Wanderer began the quest for the Orb.
     0 | D:1      | 4thArraOfDagon set off with: 2 potions of heal wounds, 2 scrolls of teleportation, a ration
     0 | D:1      | Reached XP level 1. HP: 11/11 MP: 2/2
    72 | D:3      | Noticed a bullfrog
   104 | D:3      | Slain by a bullfrog

Vault maps used:
D:1:      nzn_arrival_settlement
D:2:      lemuel_doored_altar, nicolae_underground_beach,
          uniq_crazy_yiuf_cottage
D:3:      gammafunk_temple_overflow_elements, kennysheep_crisscross

Action                   || total
-------------------------++-------
Melee: Unarmed           ||    10
  Use: Potion            ||     3
       Scroll            ||     1
 Stab: Sleeping          ||     1
  Eat: Chunk             ||     3
Armor: Skin              ||     1
Dodge: Dodged            ||     7

Table legend:
 A = Spawn XP
 B = Non-spawn XP
 C = Spawn XP percentage of total XP
 D = Spawn monster count
 E = Non-spawn monster count
 F = Spawn count percentage of total count
 G = Total turns spent on level
                    A         B        C        D         E        F      G
               +---------+---------+-------+---------+---------+-------+---------
         Total |       0 |       3 |   0.0 |       0 |       2 |   0.0 |   104
               +---------+---------+-------+---------+---------+-------+---------
           D:3 |       0 |       3 |   0.0 |       0 |       2 |   0.0 |    53
               +---------+---------+-------+---------+---------+-------+---------
